 Dungeon Crawl Stone Soup version 0.16-a0-3940-gf8a207b (webtiles) character file.

39848 timbw the Martial Artist (level 14, -8/106 HPs)
             Began as an Octopode Monk on Feb 7, 2015.
             Was the Champion of Makhleb.
             Mangled by an orc warrior
             ... wielding a +0 mace
             ... led by an orc warlord
              (15 damage)
             ... while paralysed by an orc sorcerer
             ... on level 9 of the Dungeon.
             The game lasted 01:08:53 (19732 turns).

timbw the Martial Artist (Octopode Monk)           Turns: 19732, Time: 01:08:53

Health: -8/106     AC:  1    Str: 10    XL:     14   Next: 8%
Magic:  25/25      EV:  2    Int: 19    God:    Makhleb [******]
Gold:   1012       SH:  0    Dex: 19    Spells: 2 memorised, 16 levels left

rFire  + . .     SeeInvis .       - Unarmed
rCold  . . .     Clarity  .     (no shield)
rNeg   . . .     SustAb   .     (helmet restricted)
rPois  +         Gourm    .     w - amulet of rage
rElec  .         Spirit   .     A - ring of protection from fire
rCorr  .         Warding  .     B - ring of teleport control
rMut   .         Stasis   .     U - +6 ring of intelligence
MR     +....                    n - ring of poison resistance
Stlth  ++++++....               j - ring of stealth
                                (no ring)
                                (no ring)
                                (no ring)

@: paralysed, lethally poisoned (-8 -> -9), drained, somewhat resistant to
hostile enchantments, very stealthy
A: almost no armour, amphibious, 8 rings, constrict 8, camouflage 2, robust 1,
gelatinous body 1
a: Minor Destruction, Lesser Servant of Makhleb, Major Destruction, Greater
Servant of Makhleb, Renounce Religion, Evoke Berserk Rage, Evoke Teleport
Control


You were on level 9 of the Dungeon.
You worshipped Makhleb.
Makhleb was exalted by your worship.
You were not hungry.

You visited 4 branches of the dungeon, and saw 21 of its levels.

You collected 1012 gold pieces.

Inventory:

Missiles
 G - a steel tomahawk (quivered)
 H - 2 tomahawks
 R - a throwing net
Magical staves
 T - an uncursed staff of cold
Jewellery
 j - a ring of stealth (on tentacle)
 n - a ring of poison resistance (on tentacle)
 w - an amulet of rage (around mantle)
 A - a ring of protection from fire (left tentacle)
 B - a ring of teleport control (right tentacle)
 E - an uncursed ring of fire
 I - an uncursed amulet of faith {unknown}
 P - an uncursed amulet of warding {unknown}
 U - a +6 ring of intelligence (on tentacle)
 V - an uncursed amulet of faith {unknown}
Magical devices
 c - a wand of random effects (14)
 e - a wand of polymorph (12)
 k - a wand of teleportation (1)
 y - a wand of polymorph (10)
 D - a wand of cold (5)
 K - a wand of lightning (6)
 O - a wand of digging (16)
 Q - a wand of cold (8)
Scrolls
 a - 6 scrolls of recharging
 i - 5 scrolls of enchant weapon
 p - 6 scrolls of remove curse
 r - a scroll of fog
 s - a scroll of immolation
 t - a scroll of noise
 u - a scroll of teleportation
 J - 3 scrolls of fear
 S - a scroll of torment
 Y - 4 scrolls of blinking {unknown}
 Z - a scroll of amnesia
Potions
 g - 2 potions of cure mutation
 h - a potion of flight
 l - a potion of curing
 m - 6 potions of brilliance
 q - 4 potions of might
 v - 3 potions of invisibility
 z - a potion of restore abilities
 L - a potion of ambrosia
Books
 x - a book of Enchantments

   Spells                             Type                      Level
   a - Tukima's Dance                 Hexes                        3
   b - Cause Fear                     Hexes                        4
   c - Silence                        Hexes/Air                    5
   d - Deflect Missiles               Charms/Air                   6
   e - Haste                          Charms                       6
   f - Discord                        Hexes                        8
 C - a Grand Grimoire {highlevel}

   This book is beyond your current level of understanding.

   Spells                             Type                      Level
   a - Aura of Abjuration             Summoning                    6
   b - Summon Greater Demon           Summoning                    7
   c - Malign Gateway                 Summoning/Translocation      7
   d - Summon Horrible Things         Summoning                    8
 F - a book of Maledictions

   Spells                             Type                      Level
   a - Corona                         Hexes                        1
   b - Sure Blade                     Hexes/Charms                 2
   c - Ensorcelled Hibernation        Hexes/Ice                    2
   d - Confuse                        Hexes                        3
   e - Dazzling Spray                 Conjuration/Hexes            3
   f - Enslavement                    Hexes                        4
 M - a book of Annihilations {highlevel}

   This book is beyond your current level of understanding.

   Spells                             Type                      Level
   a - Poison Arrow                   Conjuration/Poison           6
   b - Chain Lightning                Conjuration/Air              8
   c - Lehudib's Crystal Spear        Conjuration/Earth            8
   d - Glaciate                       Conjuration/Ice              9
   e - Fire Storm                     Conjuration/Fire             9
 N - a book of Alchemy

   Spells                             Type                      Level
   a - Sublimation of Blood           Necromancy                   2
   b - Alistair's Intoxication        Transmutation/Poison         4
   c - Condensation Shield            Ice                          4
   d - Petrify                        Transmutation/Earth          4
   e - Ignite Poison                  Fire/Transmutation           5
   f - Irradiate                      Conjuration/Transmutation    5
Miscellaneous
 W - a stone of tremors
 X - a box of beasts
Comestibles
 b - 11 bread rations
 f - 7 meat rations
 o - 6 chunks of flesh


   Skills:
 - Level 9.0(8.4) Fighting
 - Level 12.0(11.4) Dodging
 - Level 4.8(4.3) Stealth
 * Level 14.3(13.6) Unarmed Combat
 + Level 4.6(4.1) Spellcasting
 - Level 4.0(3.5) Conjurations
 * Level 8.4(7.8) Transmutations
 - Level 3.9(3.4) Invocations
 - Level 7.1(6.5) Evocations


You had 16 spell levels left.
You knew the following spells:

 Your Spells              Type           Power        Failure   Level  Hunger
a - Corona                Hex            #......      14%         1    None
b - Irradiate             Conj/Trmt      ####......   38%         5    ######.


Dungeon Overview and Level Annotations

Branches:
Dungeon (11/15)            Temple (1/1) D:4            Lair (8/8) D:10
  Swamp (0/5) Lair:4        Snake (0/5) Lair:6          Orc (1/4) D:9
  Slime: Lair:6-8

Altars:
Ashenzari
Cheibriados
Dithmenos
Elyvilon
Fedhas
Gozag
Kikubaaqudgha
Makhleb
Nemelex Xobeh
Okawaru
Qazlal
Ru
Sif Muna
Trog
Vehumet
Xom
Yredelemnul
Zin
The Shining One
Lugonu

Shops:
D:7 :   D:9 [

Annotations:
Lair:6 exclusion: oklob plant


Innate Abilities, Weirdness & Mutations

You cannot wear most types of armour.
You are amphibious.
You can wear up to eight rings at the same time.
You can use your tentacles to constrict many enemies at once.
Your skin blends seamlessly with your surroundings (Stealth).
Your rubbery body absorbs attacks (AC +1).
You are robust (+10% HP).


Message History

You are poisoned.
The killer bee poisons you! The orc sorcerer casts a spell at you.
You shrug off the repeated paralysis!
The killer bee stings you! The orc hits you!
* * * LOW HITPOINT WARNING * * *
The orc warrior hits you with a mace!
* * * LOW HITPOINT WARNING * * *
The killer bee stings you.
* * * LOW HITPOINT WARNING * * *
You feel sick. The killer bee stings you.
* * * LOW HITPOINT WARNING * * *
The killer bee stings you!
* * * LOW HITPOINT WARNING * * *
The orc sorcerer casts a spell at you. You resist with some effort.
The killer bee stings you.
* * * LOW HITPOINT WARNING * * *
The orc hits you but does no damage. The killer bee completely misses you.
The orc warrior hits you with a mace!
You die...

##..........#.## #.........#
#...........)..# #.......(..
#..............#######..........
##...................##.....))...
#........)....................)..
##...........†......##...........
#..#................##...........
#.###..........yyo..##...........
.## ####.......o@...##...........
## ######....o..##........... .#
#.......##........... ...
#.......###.......... .....
#.......# ###.......# .......
#.......## ##.....## ......
#.####...### ##...## .....
#.####)....## ##### ....
#...........##


You could see an orc sorcerer (frenzied), an orc warrior (frenzied), 2 killer
bees and an orc (frenzied).

Vanquished Creatures
  Fannar (Lair:5)
  Harold (Lair:4)
  3 hydras
  Erica (Lair:4)
  The ghost of ketsa the Basher, an experienced DDBe of Trog (D:10)
  2 death yaks (Lair:8)
  3 hill giants
  5 griffons
  2 manticores (Lair:8)
  13 elephants
  Maurice (D:10)
  A torpor snail (Lair:7)
  6 black mambas
  12 spiny frogs
  3 komodo dragons
  7 blink frogs
  A slime creature (Lair:6)
  2 fire drakes (Lair:5)
  26 yaks
  4 basilisks
  2 wyverns
  Eustachio (D:4)
  A hungry ghost (D:9)
  5 hippogriffs
  5 wolves (Lair:3)
  A wandering mushroom (D:10)
  2 wargs (D:9)
  Edmund (D:7)
  15 water moccasins
  3 nagas (Lair:6)
  10 porcupines
  6 orc warriors
  3 sky beasts
  A black bear (D:10)
  2 ogres
  2 phantoms
  2 centaurs
  Duvessa (D:4)
  15 crocodiles
  7 giant frogs
  A water moccasin zombie (D:8)
  A scorpion (D:4)
  3 wights (D:4)
  A quasit (D:9)
  2 electric eels (Lair:1)
  7 killer bees
  Dowan (D:4)
  2 hounds
  A centaur zombie (D:10)
  A jelly (D:7)
  A gnoll shaman (D:3)
  4 orc priests
  3 orc wizards
  38 sheep
  9 worker ants
  11 iguanas
  Ijyb (D:2)
  22 adders
  11 gnolls
  65 river rats
  A shadow imp (D:9)
  2 giant mites
  A worm (D:3)
  An adder skeleton (D:9)
  4 giant geckos
  26 orcs
  A ball python (D:5)
  2 bat skeletons
  A bat zombie (D:7)
  4 giant cockroaches
  10 goblins
  10 hobgoblins
  20 jackals
  8 quokkas
  12 bats
  A giant newt (D:2)
  A giant spore (D:7)
  9 kobolds
  13 rats
  6 ballistomycetes (D:7)
  3 fungi
  A plant (D:6)
  3 toadstools (D:1)
505 creatures vanquished.

Vanquished Creatures (collateral kills)
  A hydra (Lair:8)
  A catoblepas (Lair:8)
  A fire drake (Lair:8)
  An orc warrior (D:7)
4 creatures vanquished.

Vanquished Creatures (others)
  2 smoke demons (Lair:8)
  A ynoxinul (Lair:4)
  A neqoxec (Lair:8)
  A killer bee (D:9)
  An ufetubus (Lair:4)
  An orc (Orc:1)
  A giant spore (D:7)
  6 fungi
  2 plants
  A toadstool (D:1)
17 creatures vanquished.

Grand Total: 526 creatures vanquished

Notes
Turn   | Place    | Note
--------------------------------------------------------------
     0 | D:1      | timbw, the Octopode Monk, began the quest for the Orb.
     0 | D:1      | Reached XP level 1. HP: 16/16 MP: 1/1
   236 | D:1      | Reached XP level 2. HP: 2/21 MP: 2/2
   906 | D:2      | Reached XP level 3. HP: 18/26 MP: 3/3
   920 | D:2      | Noticed Ijyb
   934 | D:2      | Killed Ijyb
   984 | D:2      | Found a glowing silver altar of Zin.
  1285 | D:3      | Reached XP level 4. HP: 30/33 MP: 4/4
  2007 | D:3      | Reached skill level 5 in Unarmed Combat
  2007 | D:3      | Reached XP level 5. HP: 30/37 MP: 5/5
  2291 | D:4      | Found a radiant altar of Vehumet.
  2311 | D:4      | Found a staircase to the Ecumenical Temple.
  2317 | Temple   | Entered the Ecumenical Temple
  2335 | Temple   | Became a worshipper of Makhleb the Destroyer
  2335 | Temple   | Acquired Makhleb's first power
  2335 | Temple   | Acquired Makhleb's second power
  2373 | D:4      | Noticed a phantom
  2672 | D:4      | Reached XP level 6. HP: 25/44 MP: 6/6
  2864 | D:4      | Noticed Eustachio
  2979 | D:4      | Reached skill level 6 in Unarmed Combat
  3023 | D:4      | Killed Eustachio
  3023 | D:4      | Reached XP level 7. HP: 45/49 MP: 7/7
  3051 | D:5      | Entered Level 5 of the Dungeon
  3089 | D:5      | Reached skill level 5 in Fighting
  3161 | D:5      | Reached skill level 5 in Dodging
  3270 | D:4      | Found a shattered altar of Ashenzari.
  3284 | D:4      | Noticed Dowan
  3285 | D:4      | Noticed Duvessa
  3420 | D:4      | Killed Duvessa
  3422 | D:4      | Killed Dowan
  3422 | D:4      | Reached skill level 7 in Unarmed Combat
  3561 | D:5      | Reached XP level 8. HP: 31/56 MP: 8/8
  3573 | D:5      | Acquired Makhleb's third power
  4074 | D:5      | Found a glowing golden altar of the Shining One.
  4189 | D:6      | Found a shadowy altar of Dithmenos.
  4205 | D:6      | Noticed a hellwing
  4405 | D:6      | Found an iron altar of Okawaru.
  4405 | D:6      | Found a deep blue altar of Sif Muna.
  4413 | D:7      | Found Ufoulibiad's Book Shop.
  4547 | D:7      | Reached skill level 1 in Evocations
  4611 | D:7      | Reached skill level 8 in Unarmed Combat
  4678 | D:7      | Noticed Edmund
  4690 | D:7      | Killed Edmund
  4999 | D:8      | Reached XP level 9. HP: 63/63 MP: 14/14
  5156 | D:8      | Found a shimmering altar of Xom.
  5182 | D:8      | Acquired Makhleb's fourth power
  5630 | D:6      | Learned a level 1 spell: Corona
  5809 | D:6      | Found a sacrificial altar of Ru.
  5812 | D:6      | Found a basalt altar of Yredelemnul.
  5813 | D:6      | Found a stormy altar of Qazlal.
  5931 | D:10     | Entered Level 10 of the Dungeon
  5948 | D:10     | Reached skill level 5 in Evocations
  6011 | D:10     | Noticed ketsa's ghost (experienced DDBe)
  6018 | D:10     | Reached skill level 9 in Unarmed Combat
  6679 | D:9      | Noticed a hill giant
  6693 | D:9      | Killed a hill giant
  6693 | D:9      | Reached XP level 10. HP: 71/71 MP: 17/19
  6807 | D:9      | Found Foluegingi's Armour Boutique.
  6814 | D:9      | Found a staircase to the Orcish Mines.
  7211 | D:9      | Found an opulent altar of Gozag.
  7503 | D:10     | Found a staircase to the Lair.
  7673 | D:10     | Noticed a hill giant
  7696 | D:10     | Killed a hill giant
  7696 | D:10     | Acquired Makhleb's fifth power
  7696 | D:10     | Reached skill level 10 in Unarmed Combat
  7696 | D:10     | Reached skill level 1 in Invocations
  7799 | D:10     | Noticed a wandering mushroom
  7799 | D:10     | Noticed a wandering mushroom
  7808 | D:10     | Killed a wandering mushroom
  8107 | D:10     | Noticed Maurice
  8121 | D:10     | Killed Maurice
  8175 | D:11     | Noticed a hill giant
  8183 | D:11     | Killed a hill giant
  8226 | D:10     | Reached XP level 11. HP: 71/76 MP: 21/21
  8322 | Lair:1   | Entered Level 1 of the Lair of Beasts
  8390 | Lair:1   | Noticed a five-headed hydra
  8409 | Lair:1   | Killed a five-headed hydra
  9437 | Lair:1   | HP: 4/115 [spiny frog (19)]
  9442 | Lair:1   | HP: 5/115 [poisoned by a spiny frog]
  9444 | Lair:1   | HP: 2/77 [poisoned by a spiny frog]
  9924 | Lair:2   | Noticed a five-headed hydra
  9933 | Lair:2   | Killed a five-headed hydra
  9933 | Lair:2   | Reached skill level 10 in Dodging
  9933 | Lair:2   | Reached skill level 11 in Unarmed Combat
 11140 | Lair:4   | Found a staircase to the Swamp.
 11176 | Lair:4   | Noticed a five-headed hydra
 11193 | Lair:4   | Killed a five-headed hydra
 11327 | Lair:4   | Reached XP level 12. HP: 80/84 MP: 22/22
 11487 | Lair:4   | Noticed Erica
 11501 | Lair:5   | HP: 4/84 [poisoned by Erica (bolt of poison)]
 11507 | Lair:5   | HP: 3/84 [poisoned by Erica (bolt of poison)]
 11513 | Lair:5   | HP: 2/84 [poisoned by Erica (bolt of poison)]
 11521 | Lair:5   | HP: 2/84 [poisoned by Erica (bolt of poison)]
 12080 | Lair:4   | Killed Erica
 12080 | Lair:4   | Reached skill level 12 in Unarmed Combat
 12128 | Lair:4   | Learned a level 5 spell: Irradiate
 12206 | Lair:4   | Noticed Harold
 12218 | Lair:4   | Killed Harold
 12218 | Lair:4   | Reached skill level 1 in Transmutations
 12531 | Lair:5   | Gained mutation: You are robust (+10% HP). [potion of beneficial mutation]
 12532 | Lair:5   | Gained mutation: Your skin blends seamlessly with your surroundings (Stealth). [potion of beneficial mutation]
 12672 | Lair:5   | Noticed Fannar
 12698 | Lair:5   | Killed Fannar
 13137 | Lair:6   | Reached skill level 1 in Conjurations
 13275 | Lair:6   | Reached skill level 1 in Spellcasting
 13395 | Lair:7   | Identified a scroll of acquirement
 13765 | Lair:6   | Found a staircase to the Snake Pit.
 14435 | Lair:6   | Reached skill level 5 in Transmutations
 14444 | Lair:6   | Reached skill level 13 in Unarmed Combat
 14444 | Lair:6   | Reached XP level 13. HP: 44/99 MP: 23/23
 16192 | Lair:8   | Entered Level 8 of the Lair of Beasts
 16391 | Lair:8   | Found a glowing golden altar of the Shining One.
 18479 | Lair:8   | Reached skill level 14 in Unarmed Combat
 19027 | Lair:7   | Reached XP level 14. HP: 106/106 MP: 25/25
 19335 | D:10     | Killed ketsa's ghost
 19419 | Orc:1    | Entered Level 1 of the Orcish Mines
 19419 | Orc:1    | Noticed an orc warlord
 19730 | D:9      | Paralysed by an orc sorcerer for 7 turns
 19732 | D:9      | Mangled by an orc warrior

Action                   |  1- 3 |  4- 6 |  7- 9 | 10-12 | 13-15 || total
-------------------------+-------+-------+-------+-------+-------++-------
Melee: Unarmed           |    88 |   101 |   322 |   716 |   544 ||  1771
 Cast: Irradiate         |       |       |       |       |     2 ||     2
Invok: Lesser Servant of |       |       |     2 |     3 |     7 ||    12
 Abil: Evoke Berserk Rag |       |       |     8 |    20 |     8 ||    36
Evoke: Wand              |       |       |     3 |       |       ||     3
  Use: Scroll            |     4 |       |     2 |    21 |     3 ||    30
       Potion            |       |       |     1 |     3 |     3 ||     7
 Stab: Sleeping          |     7 |     5 |    16 |    26 |    13 ||    67
       Distracted        |       |       |     1 |     1 |     4 ||     6
  Eat: Chunk             |     1 |     4 |    14 |    21 |    14 ||    54
       Royal jelly       |       |     1 |       |       |       ||     1
       Fruit             |       |       |     3 |     1 |       ||     4
       Meat ration       |       |       |       |     2 |     1 ||     3
       Bread ration      |       |       |       |     1 |     1 ||     2
       Beef jerky        |       |       |       |     3 |     2 ||     5
